3AA
ASHEVILLE HIGHLANDERS @ DURHAM RAPIERS
09/18/2037
 
TOP OF THE 1ST
Asheville Highlanders batting - Pitching for Durham Rapiers : RHP António Fernández
Pitching: RHP António Fernández
Batting: LHB Oasiz Wiesblatt 0-0: Ball
1-0: Foul Ball, location: 2F
1-1: Foul Ball, location: 2F
1-2: Foul Ball, location: 2F
1-2: SINGLE (Groundball, 6MD, EV 101.9 MPH)
Batting: LHB Bruce Webster 0-0: Ball
1-0: Foul Ball, location: 2F
1-1: Swinging Strike
1-2: Foul Ball, location: 2F
1-2: Fly out, F7 (Line Drive, 7, EV 90.0 MPH)
Batting: LHB José Ocasio 0-0: Ball
1-0: Fielders Choice at 2nd, 4-6 (Groundball, 4, EV 83.1 MPH)
Batting: RHB Tae-wan Park 0-0: Called Strike
0-1: Swinging Strike
0-2: SINGLE (Groundball, 6MD, EV 106.9 MPH)
José Ocasio to second
Batting: RHB Tyler Marés 0-0: Ball
1-0: Foul Ball, location: 2F
1-1: Called Strike
1-2: Foul Ball, location: 2F
1-2: Strikes out swinging
Top of the 1st over - 0 runs, 2 hits, 0 errors, 2 left on base; Asheville 0 - Durham 0
BOTTOM OF THE 1ST
Durham Rapiers batting - Pitching for Asheville Highlanders : RHP Patrick Nicolas
Pitching: RHP Patrick Nicolas
Batting: LHB Blake Browning 0-0: Ball
1-0: Ball
2-0: Called Strike
2-1: DOUBLE (Line Drive, 3D, EV 97.5 MPH)
Batting: RHB Jaxton Goleta 0-0: Foul Ball, location: 2F
0-1: Foul Ball, location: 2F
0-2: Foul Ball, location: 2F
0-2: Ball
1-2: Foul Ball, location: 2F
1-2: Ball
2-2: Ground out U3 (Groundball, 3, EV 100.6 MPH)
Blake Browning to third
Batting: RHB Tsuneari Hirano 0-0: Ball
1-0: Fly out, F8 (Flyball, 8RXD, EV 77.5 MPH)
Runner from 3rd tags up, SCORES, no throw by CF
Batting: SHB Kolby Hay 0-0: Ball
1-0: Foul Ball, location: 2F
1-1: Ball
2-1: SINGLE (Groundball, 6M, EV 87.5 MPH) (infield hit)
Batting: RHB Kevin Bates 0-0: Ball
1-0: Swinging Strike
1-1: Ball
2-1: Ball
3-1: Called Strike
3-2: Fly out, F9 (Flyball, 89S, EV 72.5 MPH)
Bottom of the 1st over - 1 run, 2 hits, 0 errors, 1 left on base; Asheville 0 - Durham 1
TOP OF THE 2ND
Asheville Highlanders batting - Pitching for Durham Rapiers : RHP António Fernández
Batting: RHB Carsello Scruggins 0-0: Called Strike
0-1: Ball
1-1: Ball
2-1: Foul Ball, location: 2F
2-2: Ball
3-2: Fly out, F3 (Popup, 3SF, EV 84.4 MPH)
Batting: LHB Roderick Bonden 0-0: Swinging Strike
0-1: Foul Ball, location: 2F
0-2: Ball
1-2: SINGLE (Groundball, 4MD, EV 98.1 MPH)
Batting: RHB Shane Seim 0-0: Ball
Roderick Bonden is caught stealing 2nd base 2-4
1-0: Called Strike
1-1: Fly out, F9 (Flyball, 89D, EV 91.9 MPH)
Top of the 2nd over - 0 runs, 1 hit, 0 errors, 0 left on base; Asheville 0 - Durham 1
BOTTOM OF THE 2ND
Durham Rapiers batting - Pitching for Asheville Highlanders : RHP Patrick Nicolas
Batting: RHB Bearooz Yacoobi 0-0: Ball
1-0: Ball
2-0: Ball
3-0: Called Strike
3-1: SINGLE (Flyball, 89S, EV 90.0 MPH)
Batting: RHB Marvin Strickland 0-0: Ball
1-0: Ball
Passed Ball!
Bearooz Yacoobi to second
2-0: Ball
3-0: Base on Balls
Batting: RHB Brandon Palmer 0-0: Ball
1-0: Ball
2-0: Ball
3-0: Called Strike
3-1: Foul Ball, location: 2F
3-2: Fielders Choice at 2nd, 5-4 (Groundball, 56, EV 88.8 MPH)
Bearooz Yacoobi to third
Batting: SHB Rafael González 0-0: Ball
1-0: Swinging Strike
1-1: Fly out, F9 (Flyball, 89D, EV 98.1 MPH)
Runner from 3rd tags up, SCORES, throw by RF
Batting: LHB Blake Browning 0-0: Called Strike
0-1: Ball
1-1: Ball
2-1: SINGLE (Groundball, 3D, EV 106.9 MPH)
Brandon Palmer to second
Runner from 2nd tries for 3rd, SAFE, throw by RF made to third
Batting: RHB Jaxton Goleta 0-0: Swinging Strike
0-1: Ball
1-1: Ball
2-1: Foul Ball, location: 2F
2-2: Strikes out swinging
Bottom of the 2nd over - 1 run, 2 hits, 0 errors, 2 left on base; Asheville 0 - Durham 2
TOP OF THE 3RD
Asheville Highlanders batting - Pitching for Durham Rapiers : RHP António Fernández
Batting: RHB Roberto Flores 0-0: Called Strike
0-1: Fly out, F9 (Flyball, 9S, EV 88.8 MPH)
Batting: LHB Oasiz Wiesblatt 0-0: Called Strike
0-1: Called Strike
0-2: Strikes out swinging
Batting: LHB Bruce Webster 0-0: Swinging Strike
0-1: Ball
1-1: Ball
2-1: Ball
3-1: Base on Balls
Batting: LHB José Ocasio 0-0: Ball
1-0: Ball
2-0: Ball
3-0: Called Strike
3-1: Foul Ball, location: 2F
3-2: Base on Balls
Bruce Webster to second
Batting: RHB Tae-wan Park 0-0: Called Strike
0-1: Foul Ball, location: 2F
0-2: Ball
1-2: Ball
2-2: Fly out, F9 (Line Drive, 9, EV 95.0 MPH)
Top of the 3rd over - 0 runs, 0 hits, 0 errors, 2 left on base; Asheville 0 - Durham 2
BOTTOM OF THE 3RD
Durham Rapiers batting - Pitching for Asheville Highlanders : RHP Patrick Nicolas
Batting: RHB Tsuneari Hirano 0-0: Ball
1-0: SINGLE (Groundball, 56D, EV 105.0 MPH)
Batting: SHB Kolby Hay 0-0: Called Strike
0-1: Ball
Wild Pitch!
Tsuneari Hirano to second
1-1: Called Strike
1-2: Ball
2-2: Ball
3-2: Ground out 1-3 (Groundball, 34S, EV 88.1 MPH)
Tsuneari Hirano to third
Batting: RHB Kevin Bates 0-0: Fly out, F8 (Flyball, 89M, EV 90.6 MPH)
Runner from 3rd tags up, SCORES, throw by CF
Batting: RHB Bearooz Yacoobi 0-0: Ball
1-0: Ball
2-0: Foul Ball, location: 2F
2-1: Ball
3-1: Base on Balls
Batting: RHB Marvin Strickland 0-0: Ball
1-0: Swinging Strike
1-1: Ball
2-1: SINGLE (Line Drive, 78S, EV 97.5 MPH)
Bearooz Yacoobi to second
Batting: RHB Brandon Palmer 0-0: Ball
1-0: Called Strike
1-1: Foul Ball, location: 2F
1-2: Ball
2-2: Fly out, F7 (Line Drive, 7, EV 91.2 MPH)
Bottom of the 3rd over - 1 run, 2 hits, 0 errors, 2 left on base; Asheville 0 - Durham 3
TOP OF THE 4TH
Asheville Highlanders batting - Pitching for Durham Rapiers : RHP António Fernández
Batting: RHB Tyler Marés 0-0: Called Strike
0-1: Called Strike
0-2: Ball
1-2: Ball
2-2: Ball
3-2: Base on Balls
Batting: RHB Carsello Scruggins 0-0: Ball
1-0: Called Strike
1-1: Called Strike
1-2: Ball
2-2: SINGLE (Flyball, 3D, EV 98.8 MPH)
Tyler Marés to second
Runner from 2nd tries for 3rd, SAFE, no throw by RF
Batting: LHB Roderick Bonden 0-0: Called Strike
Carsello Scruggins is caught stealing 2nd base 2-6
0-1: Foul Ball, location: 2F
0-2: Foul Ball, location: 2F
0-2: Ball
1-2: Foul Ball, location: 2F
1-2: Ball
2-2: Foul Ball, location: 2F
2-2: Ball
3-2: Fly out, F7 (Line Drive, 78M, EV 110.6 MPH)
Runner from 3rd tags up, SCORES, no throw by LF
Batting: RHB Shane Seim 0-0: Ground out 4-3 (Groundball, 4M, EV 85.6 MPH)
Top of the 4th over - 1 run, 1 hit, 0 errors, 0 left on base; Asheville 1 - Durham 3
BOTTOM OF THE 4TH
Durham Rapiers batting - Pitching for Asheville Highlanders : RHP Patrick Nicolas
Batting: SHB Rafael González 0-0: Ball
1-0: Ball
2-0: Foul Ball, location: 2F
2-1: Ball
3-1: Ground out 4-3 (Groundball, 4, EV 81.2 MPH)
Pitching: LHP Marvin Wasmund
Batting: LHB Blake Browning 0-0: Foul Ball, location: 2F
0-1: Ball
1-1: Fly out, F6 (Popup, 6M, EV 68.8 MPH)
Batting: RHB Jaxton Goleta 0-0: Ball
1-0: SINGLE (Groundball, 6MD, EV 102.5 MPH)
Batting: RHB Tsuneari Hirano 0-0: Called Strike
0-1: SINGLE (Line Drive, 3D, EV 96.2 MPH)
Jaxton Goleta to second
Runner from 2nd tries for 3rd, SAFE, throw by RF made to third
Batting: SHB Kolby Hay 0-0: Ball
1-0: Fly out, F9 (Line Drive, 9, EV 95.0 MPH)
Bottom of the 4th over - 0 runs, 2 hits, 0 errors, 2 left on base; Asheville 1 - Durham 3
TOP OF THE 5TH
Asheville Highlanders batting - Pitching for Durham Rapiers : RHP António Fernández
Batting: RHB Roberto Flores 0-0: Fly out, F8 (Flyball, 8LS, EV 85.0 MPH)
Batting: LHB Oasiz Wiesblatt 0-0: Foul Ball, location: 2F
0-1: Foul Ball, location: 2F
0-2: DOUBLE (Line Drive, 89M, EV 101.9 MPH)
Batting: LHB Bruce Webster 0-0: Ball
1-0: Called Strike
1-1: Called Strike
1-2: SINGLE (Flyball, 89S, EV 100.0 MPH)
Oasiz Wiesblatt to third
Batting: LHB José Ocasio 0-0: Ball
1-0: Swinging Strike
1-1: Swinging Strike
1-2: Strikes out swinging
Batting: RHB Tae-wan Park 0-0: Ball
Bruce Webster steals 2nd base
1-0: Ball
2-0: Ball
3-0: Called Strike
3-1: SINGLE (Line Drive, 6MD, EV 106.9 MPH)
Oasiz Wiesblatt scores
Bruce Webster to third
Pitching: RHP Leon Sorensen
Batting: RHB Tyler Marés 0-0: Ball
1-0: Ball
2-0: Ball
3-0: Called Strike
3-1: DOUBLE (Line Drive, 89XD, EV 108.1 MPH)
Bruce Webster scores
Tae-wan Park to third
Runner from 3rd tries for Home, SAFE, throw by CF to trailing runner, SAFE at third!
Batting: RHB Carsello Scruggins 0-0: Ball
1-0: Ball
2-0: Swinging Strike
2-1: Fly out, F8 (Flyball, 78XD, EV 102.5 MPH)
Top of the 5th over - 3 runs, 4 hits, 0 errors, 1 left on base; Asheville 4 - Durham 3
BOTTOM OF THE 5TH
Durham Rapiers batting - Pitching for Asheville Highlanders : LHP Marvin Wasmund
Batting: RHB Kevin Bates 0-0: Called Strike
0-1: Ball
1-1: Ball
2-1: Foul Ball, location: 2F
2-2: Ball
3-2: Foul Ball, location: 2F
3-2: Ground out 1-3 (Groundball, P, EV 89.4 MPH)
Batting: RHB Bearooz Yacoobi 0-0: Foul Ball, location: 2F
0-1: Ground out 5-3 (Groundball, 56S, EV 75.6 MPH)
Batting: RHB Marvin Strickland 0-0: Swinging Strike
0-1: Ground out U3 (Groundball, 3, EV 83.1 MPH)
Bottom of the 5th over - 0 runs, 0 hits, 0 errors, 0 left on base; Asheville 4 - Durham 3
TOP OF THE 6TH
Asheville Highlanders batting - Pitching for Durham Rapiers : RHP Leon Sorensen
Batting: LHB Roderick Bonden 0-0: Ball
1-0: Foul Ball, location: 2F
1-1: Foul Ball, location: 2F
1-2: Foul Ball, location: 2F
1-2: Strikes out swinging
Batting: RHB Shane Seim 0-0: Foul Ball, location: 2F
0-1: Foul Ball, location: 2F
0-2: Strikes out swinging
Batting: RHB Roberto Flores 0-0: Ground out 4-3 (Groundball, 4, EV 82.5 MPH)
Top of the 6th over - 0 runs, 0 hits, 0 errors, 0 left on base; Asheville 4 - Durham 3
BOTTOM OF THE 6TH
Durham Rapiers batting - Pitching for Asheville Highlanders : LHP Marvin Wasmund
Batting: RHB Brandon Palmer 0-0: Foul Ball, location: 2F
0-1: Swinging Strike
0-2: Strikes out swinging
Batting: SHB Rafael González 0-0: Called Strike
0-1: Ball
1-1: Fly out, F9 (Flyball, 9S, EV 88.1 MPH)
Batting: LHB Blake Browning 0-0: Called Strike
0-1: Fly out, F8 (Flyball, 8RS, EV 88.8 MPH)
Bottom of the 6th over - 0 runs, 0 hits, 0 errors, 0 left on base; Asheville 4 - Durham 3
TOP OF THE 7TH
Asheville Highlanders batting - Pitching for Durham Rapiers : RHP Leon Sorensen
Batting: LHB Oasiz Wiesblatt 0-0: SINGLE (Line Drive, 6D, EV 96.9 MPH)
Batting: LHB Bruce Webster 0-0: Ball
1-0: Bunted foul
1-1: Bunted foul
1-2: Ball
2-2: Foul Ball, location: 2F
2-2: Foul Ball, location: 2F
2-2: SINGLE (Groundball, 34D, EV 100.0 MPH)
Oasiz Wiesblatt to second
Batting: LHB José Ocasio 0-0: Ball
1-0: Called Strike
1-1: Called Strike
1-2: Strikes out looking
Batting: RHB Tae-wan Park 0-0: Called Strike
0-1: Ball
1-1: Ball
2-1: Called Strike
2-2: Ball
3-2: Strikes out looking
Pinch Runner at 2nd Ximena Ortíz:
Batting: RHB Tyler Marés 0-0: Foul Ball, location: 2F
0-1: Foul Ball, location: 2F
0-2: Foul Ball, location: 2F
0-2: Ball
1-2: Fly out, F8 (Flyball, 8RS, EV 70.6 MPH)
Top of the 7th over - 0 runs, 2 hits, 0 errors, 2 left on base; Asheville 4 - Durham 3
BOTTOM OF THE 7TH
Durham Rapiers batting - Pitching for Asheville Highlanders : LHP Marvin Wasmund
Now in LF: Ximena Ortíz
Batting: RHB Jaxton Goleta 0-0: Ball
1-0: Called Strike
1-1: Ground out 4-3 (Groundball, 4, EV 100.0 MPH)
Batting: RHB Tsuneari Hirano 0-0: Foul Ball, location: 2F
0-1: Ball
1-1: SINGLE (Groundball, 6D, EV 99.4 MPH)
Batting: SHB Kolby Hay 0-0: SINGLE (Groundball, 56D, EV 96.2 MPH)
Tsuneari Hirano to second
Batting: RHB Kevin Bates 0-0: Ball
1-0: Fly out, F8 (Line Drive, 8LD, EV 91.9 MPH)
Batting: RHB Bearooz Yacoobi 0-0: Ball
1-0: Called Strike
1-1: Ball
2-1: Fly out, F7 (Flyball, 78S, EV 96.2 MPH)
Bottom of the 7th over - 0 runs, 2 hits, 0 errors, 2 left on base; Asheville 4 - Durham 3
TOP OF THE 8TH
Asheville Highlanders batting - Pitching for Durham Rapiers : RHP Leon Sorensen
Batting: RHB Carsello Scruggins 0-0: Ball
1-0: Ball
2-0: Foul Ball, location: 2F
2-1: Fly out, F8 (Flyball, 89XD, EV 107.5 MPH)
Batting: LHB Roderick Bonden 0-0: Foul Ball, location: 2F
0-1: Ball
1-1: Foul Ball, location: 2F
1-2: Fly out, F8 (Flyball, 89XD, EV 104.4 MPH)
Batting: RHB Shane Seim 0-0: Called Strike
0-1: Ball
1-1: Ball
2-1: Foul Ball, location: 2F
2-2: Strikes out swinging
Top of the 8th over - 0 runs, 0 hits, 0 errors, 0 left on base; Asheville 4 - Durham 3
BOTTOM OF THE 8TH
Durham Rapiers batting - Pitching for Asheville Highlanders : LHP Marvin Wasmund
Batting: RHB Marvin Strickland 0-0: Ball
1-0: Called Strike
1-1: Ground out 4-3 (Groundball, 4, EV 89.4 MPH)
Batting: RHB Brandon Palmer 0-0: Ball
1-0: Called Strike
1-1: SINGLE (Line Drive, 6MD, EV 105.0 MPH)
Pitching: RHP Anbrosio Mera
Pinch Hitting: SHB John Wilder 0-0: Ball
1-0: Ball
2-0: Foul Ball, location: 2F
2-1: Ball
3-1: Base on Balls
Brandon Palmer to second
Batting: LHB Blake Browning 0-0: Swinging Strike
0-1: Fly out, F9 (Line Drive, 9, EV 93.8 MPH)
Batting: RHB Jaxton Goleta 0-0: Ball
1-0: Ball
2-0: Ball
3-0: Called Strike
3-1: Foul Ball, location: 2F
3-2: Ground out 5-3 (Groundball, 56, EV 82.5 MPH)
Bottom of the 8th over - 0 runs, 1 hit, 0 errors, 2 left on base; Asheville 4 - Durham 3
TOP OF THE 9TH
Asheville Highlanders batting - Pitching for Durham Rapiers : RHP Leon Sorensen
Pitching: LHP Curt Moore
Now at C: Takechi Yamashita
Batting: RHB Roberto Flores 0-0: Called Strike
0-1: Ball
1-1: Fly out, F6 (Popup, 6, EV 53.8 MPH)
Batting: RHB Ximena Ortíz 0-0: Ball
1-0: Ground out 6-3 (Groundball, 6, EV 83.8 MPH)
Batting: LHB Bruce Webster 0-0: Ball
1-0: Fly out, F9 (Flyball, 9S, EV 89.4 MPH)
Top of the 9th over - 0 runs, 0 hits, 0 errors, 0 left on base; Asheville 4 - Durham 3
BOTTOM OF THE 9TH
Durham Rapiers batting - Pitching for Asheville Highlanders : RHP Anbrosio Mera
Pitching: RHP Mario Sánchez
Batting: RHB Tsuneari Hirano 0-0: Ball
1-0: Ball
2-0: Fly out, F9 (Flyball, 9, EV 80.6 MPH)
Batting: SHB Kolby Hay 0-0: Called Strike
0-1: Foul Ball, location: 9LSF, Error on foul ball, E9
0-2: Ball
1-2: Foul Ball, location: 2F
1-2: Ground out 4-3 (Groundball, 4, EV 106.9 MPH)
Batting: RHB Kevin Bates 0-0: Ball
1-0: Fly out, F2 (Popup, 2RF, EV 91.9 MPH)
Bottom of the 9th over - 0 runs, 0 hits, 1 error, 0 left on base; Asheville 4 - Durham 3
Thursday, January 23rd, 2020 - OOTP Baseball 20.8 Build 74